Build Orders - COH3 Replay 1 - cohdb - Company of Heroes 3 Replays

COH3 Replay 1

Match 27743782
End
Selects Indian Artillery Battlegroup
Construct Section Command Post
Vickers Machine Gun Team
Infantry Section
Vickers Machine Gun Team
Grenade Package
Infantry Section
Selects Towed ML 4.2-inch Heavy Mortar
Towed ML 4.2-inch Heavy Mortar
Construct Platoon Command Post
6-pounder Anti-tank Gun Team
Construct Company Command Post
Selects Off-map Airburst Barrage
CMP 15cwt Truck
Towed ML 4.2-inch Heavy Mortar
poiuy9954
2437652493
Noon6
Naoji
给你一枪
Big Dallas
0
0

Comments sign in to comment!

No comments posted yet!